 Dungeon Crawl Stone Soup version 0.19.1 (webtiles) character file.

35 solipse the Grave Robber (level 3, 0/24 HPs)
             Began as a Mummy Necromancer on Dec 13, 2016.
             Slain by an adder (5 damage)
             ... on level 2 of the Dungeon.
             The game lasted 00:09:43 (1902 turns).

solipse the Grave Robber (Mummy Necromancer)        Turns: 1902, Time: 00:09:44

Health: 0/24       AC:  2    Str: 11    XL:     3   Next: 17%
Magic:  0/6        EV: 12    Int: 15    God:
Gold:   69         SH:  0    Dex: 12    Spells: 2 memorised, 4 levels left

rFire  x . .     SeeInvis .     g - +1 whip
rCold  + . .     Gourm    .     a - +0 robe
rNeg   + + +     Faith    .     (no shield)
rPois  ∞         Spirit   .     (no helmet)
rElec  .         Reflect  .     (no cloak)
rCorr  .         Harm     .     (no gloves)
MR     .....                    (no boots)
Stlth  ++........               (no amulet)
                                (no ring)
                                (no ring)

@: no status effects
A: no food or potions, fire vulnerability, cold resistance 1, negative energy
resistance 3, torment resistance, unbreathing
a: no special abilities


You were on level 2 of the Dungeon.
You were not hungry.

You visited 1 branch of the dungeon, and saw 2 of its levels.

You collected 69 gold pieces.

Inventory:

Hand Weapons
 c - a +0 whip
 e - a +0 short sword
 g - a +1 whip (weapon)
Armour
 a - a +0 robe (worn)
Jewellery
 d - a cursed ring of teleportation {unknown}
Scrolls
 f - a scroll of recharging
Books
 b - a book of Necromancy

   Spells                             Type                      Level
   a - Pain                           Necromancy                   1
   b - Animate Skeleton               Necromancy                   1
   c - Vampiric Draining              Necromancy                   3
   d - Regeneration                   Charms/Necromancy            3
   e - Animate Dead                   Necromancy                   4
   f - Control Undead                 Necromancy                   4


   Skills:
 + Level 1.5 Dodging
 + Level 1.5 Stealth
 + Level 0.5 Unarmed Combat
 + Level 2.3 Spellcasting
 + Level 4.6 Necromancy


You had 4 spell levels left.
You knew the following spells:

 Your Spells              Type           Power        Failure   Level  Hunger
a - Pain                  Necr           ###.         3%          1    N/A
b - Animate Skeleton      Necr           N/A          3%          1    N/A

Dungeon Overview and Level Annotations

Branches:
Dungeon (2/15)

Altars:
Fedhas
Sif Muna


Innate Abilities, Weirdness & Mutations

You do not eat or drink.
Your flesh is vulnerable to fire.
You are immune to poison.
Your flesh is cold resistant. (rC+)
You are immune to negative energy. (rN+++)
You are immune to unholy pain and torment.
You can survive without breathing.


Message History

The adder barely resists.
The adder barely misses you. The adder bites you.
You closely miss the adder. The adder bites you.
You miss the adder. The adder bites you. x2
You miss the adder. The adder completely misses you.
You miss the adder. The adder bites you.
You miss the adder. The adder bites you.
* * * LOW HITPOINT WARNING * * *
The adder bites you but does no damage.
You closely miss the adder. The adder closely misses you.
The adder completely misses you. The adder bites you.
* * * LOW HITPOINT WARNING * * *
The adder barely misses you.
Casting: Pain
Confirm with . or Enter, or press ? or * to list all spells.
Aiming: Pain
Press: ? - help, Shift-Dir - straight line, f/p - adder
Aim: an adder (chance to defeat MR: 80%)
The adder writhes in agony!
The adder closely misses you. The adder bites you.
You die...

,,,,,,,>*,* **,******,*
,,,,,,,,,,* *** #,* ...,,,,,***
**##.########## #....,,**
*,.............
#...*,*************,*#......#####
....,,,,,,,,,,,,,,,,*######.#
....,,*************** #.#
...################## ###.#
.#.#..........lS@...# #[..#
......############### #.###
##.#..# #.# #.#### ♣♣♣♣♣ #.# ##.#
♣♣...♣♣ #.# †..# ♣♣...%.♣♣ #.#
#### ♣♣.....%.♣♣ #.# ♣...._....♣
#.# ♣♣.........♣♣ #.#


You could see an adder and a leopard gecko.

Vanquished Creatures
  A worm (D:2)
  A dart slug (D:1)
  2 leopard geckos (D:1)
  3 bats (D:1)
  A giant cockroach (D:1)
  4 goblins
  2 hobgoblins
  2 jackals (D:1)
  A quokka (D:2)
  3 kobolds
  4 rats
24 creatures vanquished.

Vanquished Creatures (collateral kills)
  A jackal (D:1)
  2 kobolds (D:1)
  A rat (D:1)
4 creatures vanquished.

Grand Total: 28 creatures vanquished

Notes
Turn   | Place    | Note
-------+----------+-------------------------------------------
     0 | D:1      | solipse the Mummy Necromancer began the quest for the Orb.
     0 | D:1      | Reached XP level 1. HP: 13/13 MP: 3/3
   152 | D:1      | Learned a level 1 spell: Animate Skeleton
   205 | D:1      | Reached XP level 2. HP: 16/19 MP: 0/5
  1521 | D:2      | Found a deep blue altar of Sif Muna.
  1614 | D:2      | Reached XP level 3. HP: 24/24 MP: 4/6
  1727 | D:2      | Found a blossoming altar of Fedhas.
  1902 | D:2      | Slain by an adder

Action                   || total
-------------------------++-------
Melee: Unarmed           ||    31
       Whip              ||     9
 Cast: Pain              ||    50
       Animate Skeleton  ||     7
  Use: Scroll            ||     8
Armor: Robe              ||    10
Dodge: Dodged            ||    45
